 Dungeon Sprint DCSS version 0.31.0-32-g396128a36d (webtiles) character file.

Game seed: 5148982564422627854

17812 Heoruswealwe the Phalangite (level 12, -1/130 HPs)
             Began as a Minotaur Fighter on Mar 21, 2024.
             Was an Initiate of Gozag.
             Incinerated by a deep elf pyromancer (13 damage)
             ... with a pyre arrow
             ... in the Dungeon (Sprint IX: "|||||||||||||||||||||||||||||").
             The game lasted 00:21:30 (2934 turns).

Heoruswealwe the Phalangite (Minotaur Fighter)      Turns: 2934, Time: 00:21:30

Health: -1/130     AC: 30    Str: 28    XL:     12   Next: 22%
Magic:  11/11      EV:  6    Int:  8    God:    Gozag
Gold:   1421       SH: 13    Dex: 11    Spells: 11/11 levels left

rFire   . . .        a - +1 demon trident of Utruuwug {freeze, rElec Int+3 SInv}
rCold   . . .        d - +1 tower shield
rNeg    . . .        c - +0 plate armour
rPois   .            g - +2 hat {Stlth+}
rElec   +            h - +2 cloak
rCorr   .            f - +0 pair of gloves
SInv    +            e - +2 pair of boots
Will    .....        (no amulet) Stlth
                     k - +3 ring of strength
HPRegen 0.41/turn    j - +4 ring of slaying
MPRegen 0.12/turn

%: no teleportation
@: on fire, gold aura, glowing
A: horns 2, retaliatory headbutt, inability to drink after injury 1, noise
suppression
a: Renounce Religion, Potion Petition, Call Merchant, Bribe Branch


You were in the Dungeon.
You worshipped Gozag.
Gozag was most pleased with you.
You visited 1 branch You collected 7831 gold pieces.
You spent 1392 gold pieces at shops.
You paid 5018 gold pieces to Gozag.

Inventory:

Hand Weapons
 a - the +1 demon trident of Utruuwug (weapon) {freeze, rElec Int+3 SInv}
   (You bought it in a shop in the Dungeon)

   Int+3:     It affects your intelligence (+3).
   rElec:     It insulates you from electricity.
   SInv:      It lets you see invisible.
 b - a +2 halberd of protection
Armour
 c - a +0 plate armour (worn)
 d - a +1 tower shield (worn)
 e - a +2 pair of boots (worn)
 f - a +0 pair of gloves (worn)
 g - a +2 hat of stealth (worn)
 h - a +2 cloak (worn)
Jewellery
 j - a +4 ring of slaying (right hand)
 k - a +3 ring of strength (left hand)
Wands
 l - a wand of roots (10)
Scrolls
 p - 6 scrolls of enchant weapon
 q - a scroll of identify
 s - 7 scrolls of blinking
Potions
 i - a potion of berserk rage
 m - a potion of heal wounds
 n - a potion of mutation
 o - a potion of might
 r - 8 potions of curing
 t - 3 potions of haste
 C - 2 potions of ambrosia


   Skills:
 + Level 19.1 Fighting
 * Level 25.5 Polearms
 + Level 19.1 Armour
 - Level 3.6 Shields


You had 11 spell levels left.
You didn't know any spells.
Your spell library was empty.

Dungeon Overview and Level Annotations

Branches:
Dungeon (1/1)

Altars:
Cheibriados
Dithmenos
Elyvilon
Fedhas
Gozag
Hepliaklqana
Kikubaaqudgha
Makhleb
Nemelex Xobeh
Okawaru
Qazlal
Ru
Sif Muna
Trog
Uskayaw
Vehumet
Wu Jian
Xom
Yredelemnul
Zin
The Shining One
Jiyva
Lugonu

Shops:
D *==([*[(((


Innate Abilities, Weirdness & Mutations

You have a pair of horns on your head.
You reflexively headbutt those who attack you in melee.
You occasionally lose the ability to drink potions when taking damage.
You passively dampen the noise of your surroundings.


Message History

You puncture the fire elemental! You freeze the fire elemental.
You headbutt the fire elemental!
You destroy the fire elemental!
The fire elemental disappears in a puff of smoke!
The basilisk is distracted by your dazzling golden aura.
The deep elf pyromancer casts a spell.
The deep elf pyromancer blinks!
The fire elemental is distracted by your dazzling golden aura.
You catch the helpless fire elemental completely off-guard!
You spit the fire elemental like a pig!!!
You freeze the fire elemental!
You destroy the fire elemental!
The fire elemental disappears in a puff of smoke!
The basilisk is no longer distracted by gold.
The deep elf pyromancer points at you and mumbles some strange words.
The pyre arrow hits you.
You are covered in intense liquid fire!
The liquid fire burns you!
* * * LOW HITPOINT WARNING * * *
The deep elf pyromancer gestures wildly while chanting.
The liquid fire burns you!
* * * LOW HITPOINT WARNING * * *
The deep elf pyromancer mumbles some strange words.
The deep elf pyromancer blinks!
You impale the deep elf pyromancer!! You freeze the deep elf pyromancer.
The deep elf pyromancer is heavily wounded.
The liquid fire burns you!
* * * LOW HITPOINT WARNING * * *
You block the deep elf pyromancer's attack.
You barely miss the deep elf pyromancer.
The deep elf pyromancer is heavily wounded.
The liquid fire burns you!
* * * LOW HITPOINT WARNING * * *
You block the fire elemental's attack.
You puncture the deep elf pyromancer! You freeze the deep elf pyromancer!
You kill the deep elf pyromancer!
The fire elemental disappears in a puff of smoke! x2
The liquid fire burns you!
You die...
Your body crumbles into a pile of gold.

▓_▓.▓.▓.▓.▓.▓.▓
▓_▓.▓.▓.▓.▓.▓.▓
▓_▓.▓.▓.▓.▓.▓.▓
▓_▓.▓.▓.▓.▓.▓.▓
▓_▓.▓.▓.▓.▓.▓.▓
▓_▓.▓.▓.▓.▓.▓.▓
▓_▓.▓.▓.▓[▓.▓.▓
▓'▓.▓'▓.▓[▓.▓$▓
▓!▓.▓.▓.▓.▓.▓@▓
▓?▓.▓.▓.▓.▓.▓§▓
▓)▓.▓.▓.▓.▓.▓○▓
▓[▓.▓.▓.▓.▓.▓.▓
▓=▓.▓.▓.▓∩▓.▓l▓
▓.▓.▓.▓.▓.▓.▓§▓
▓.▓.▓.▓.▓∩▓.▓○▓
▓.▓.▓.▓.▓.▓.▓.▓
▓.▓.▓.▓.▓∩▓.▓


You could see a basilisk.

Vanquished Creatures
  Gastronok (D)
  Josephine (D)
  2 centaur warriors (D)
  A hydra (D)
  2 boulder beetles (D)
  Erica (D)
  2 two-headed ogres (D)
  A deep elf pyromancer (D)
  8 orc sorcerers (D)
  2 orc knights (D)
  A manticore (D)
  2 cyclopes (D)
  2 cane toads (D)
  A black mamba (D)
  A komodo dragon (D)
  A troll (D)
  A polar bear (D)
  2 slime creatures (D)
  A yak (D)
  6 wraiths (D)
  2 wyverns (D)
  2 basilisks (D)
  A steam dragon (D)
  2 wargs (D)
  4 water moccasins (D)
  2 hell hounds (D)
  8 orc warriors (D)
  2 laughing skulls (D)
  4 wolves (D)
  A centaur (D)
  A phantom (D)
  A bullfrog (D)
  A scorpion (D)
  A killer bee (D)
  A howler monkey (D)
  4 orc priests (D)
  A sleepcap (D)
  8 orc wizards (D)
  A ribbon worm (D)
  9 orcs (D)
  A bat (D)
  A hobgoblin (D)
  A quokka (D)
  A frilled lizard (D)
  2 goblins (D)
101 creatures vanquished.

Notes
Turn   | Place    | Note
-------+----------+-------------------------------------------
     0 | D        | Heoruswealwe the Minotaur Fighter began the quest for the
                  | Orb.
     0 | D        | Reached XP level 1. HP: 19/19 MP: 0/0
     6 | D        | Reached skill level 3 in Polearms
    23 | D        | Noticed a scorpion
    23 | D        | Noticed a phantom
    23 | D        | Noticed a sleepcap
    26 | D        | Reached skill level 4 in Polearms
    30 | D        | Reached XP level 2. HP: 28/28 MP: 1/1
    31 | D        | Killed a scorpion
    32 | D        | Reached skill level 5 in Fighting
    32 | D        | Reached skill level 7 in Polearms
    32 | D        | Reached skill level 5 in Armour
    32 | D        | Reached XP level 3. HP: 37/37 MP: 2/2
    32 | D        | Reached XP level 4. HP: 44/44 MP: 3/3
    36 | D        | Killed a phantom
    37 | D        | Reached skill level 8 in Polearms
    37 | D        | Reached XP level 5. HP: 45/52 MP: 4/4
    39 | D        | Reached skill level 9 in Polearms
    44 | D        | Found a snail-covered altar of Cheibriados.
    44 | D        | Found a shadowy altar of Dithmenos.
    44 | D        | Found a white marble altar of Elyvilon.
    44 | D        | Found a blossoming altar of Fedhas.
    44 | D        | Found an opulent altar of Gozag.
    45 | D        | Found a hazy altar of Hepliaklqana.
    46 | D        | Found a viscous altar of Jiyva.
    47 | D        | Found an ancient bone altar of Kikubaaqudgha.
    48 | D        | Found a corrupted altar of Lugonu.
    49 | D        | Found a burning altar of Makhleb.
    50 | D        | Found a sparkling altar of Nemelex Xobeh.
    51 | D        | Found an iron altar of Okawaru.
    52 | D        | Became a worshipper of Gozag Ym Sagoz the Greedy
    53 | D        | Found a stormy altar of Qazlal.
    54 | D        | Found a sacrificial altar of Ru.
    55 | D        | Found a shimmering blue altar of Sif Muna.
    56 | D        | Found a bloodstained altar of Trog.
    57 | D        | Found a hide-covered altar of Uskayaw.
    58 | D        | Found a radiant altar of Vehumet.
    59 | D        | Found an ornate altar of the Wu Jian Council.
    60 | D        | Found a shimmering altar of Xom.
    61 | D        | Found a basalt altar of Yredelemnul.
    62 | D        | Found a glowing silver altar of Zin.
    63 | D        | Found a glowing golden altar of the Shining One.
   127 | D        | Noticed a wraith
   127 | D        | Noticed a centaur
   127 | D        | Noticed a troll
   127 | D        | Noticed an orc warrior
   131 | D        | Killed a wraith
   132 | D        | Reached skill level 11 in Polearms
   132 | D        | Reached XP level 6. HP: 52/62 MP: 5/5
   134 | D        | Reached skill level 12 in Polearms
   139 | D        | Killed a troll
   140 | D        | Reached skill level 10 in Fighting
   140 | D        | Reached skill level 13 in Polearms
   140 | D        | Reached skill level 10 in Armour
   140 | D        | Reached XP level 7. HP: 23/72 MP: 6/6
   148 | D        | Reached skill level 14 in Polearms
   324 | D        | Noticed a slime creature
   324 | D        | Noticed a centaur warrior
   324 | D        | Noticed a two-headed ogre
   324 | D        | Noticed a manticore
   324 | D        | Noticed a two-headed ogre
   324 | D        | Noticed a boulder beetle
   329 | D        | Killed a slime creature
   340 | D        | Killed a centaur warrior
   341 | D        | Reached skill level 16 in Polearms
   341 | D        | Reached XP level 8. HP: 37/83 MP: 7/7
   343 | D        | Killed a two-headed ogre
   344 | D        | Reached skill level 17 in Polearms
   344 | D        | Reached XP level 9. HP: 28/92 MP: 8/8
   347 | D        | HP: 3/92 [manticore (10)]
   347 | D        | HP: 1/92 [manticore (2)]
   596 | D        | Killed a manticore
   602 | D        | Killed a two-headed ogre
   603 | D        | Reached skill level 18 in Polearms
   612 | D        | Killed a boulder beetle
   613 | D        | Reached skill level 19 in Polearms
   957 | D        | Noticed a cane toad
   957 | D        | Noticed a cane toad
   963 | D        | Killed a cane toad
   963 | D        | Noticed a polar bear
   964 | D        | Reached XP level 10. HP: 69/104 MP: 9/9
   964 | D        | Noticed a boulder beetle
   973 | D        | Killed a cane toad
   977 | D        | Reached skill level 20 in Polearms
   984 | D        | Reached skill level 15 in Fighting
   984 | D        | Reached skill level 15 in Armour
  1007 | D        | Killed a boulder beetle
  1219 | D        | Noticed a black mamba
  1220 | D        | Noticed an eight-headed hydra
  1237 | D        | Killed a 14-headed hydra
  1238 | D        | Reached skill level 21 in Polearms
  1244 | D        | Killed a black mamba
  1475 | D        | Reached XP level 11. HP: 114/114 MP: 10/10
  1485 | D        | Reached skill level 22 in Polearms
  1586 | D        | Noticed Josephine
  1597 | D        | Killed Josephine
  1705 | D        | Noticed Gastronok
  1706 | D        | Noticed Erica
  1723 | D        | Killed Gastronok
  1724 | D        | Reached skill level 23 in Polearms
  1728 | D        | Killed Erica
  1991 | D        | Noticed an orc knight
  2000 | D        | Noticed an orc sorcerer
  2013 | D        | Killed an orc knight
  2021 | D        | Noticed a sun demon
  2026 | D        | Killed an orc sorcerer
  2034 | D        | Noticed an orc knight
  2039 | D        | Reached skill level 24 in Polearms
  2056 | D        | Killed an orc knight
  2200 | D        | Found Xuithrusol's General Store.
  2200 | D        | Noticed an orc sorcerer
  2200 | D        | Noticed an orc sorcerer
  2200 | D        | Noticed an orc sorcerer
  2208 | D        | Noticed an orc sorcerer
  2215 | D        | Paralysed by an orc sorcerer for 5 turns
  2221 | D        | Killed an orc sorcerer
  2224 | D        | Killed an orc sorcerer
  2233 | D        | Killed an orc sorcerer
  2234 | D        | Killed an orc sorcerer
  2268 | D        | Noticed an orc sorcerer
  2270 | D        | Noticed a sixfirhy
  2278 | D        | Paralysed by an orc sorcerer for 5 turns
  2285 | D        | Killed an orc sorcerer
  2296 | D        | Noticed an orc sorcerer
  2307 | D        | Killed an orc sorcerer
  2308 | D        | Reached XP level 12. HP: 88/128 MP: 11/11
  2407 | D        | Found Wuimpycw's Jewellery Shoppe.
  2411 | D        | Found Gillyul's Jewellery Emporium.
  2415 | D        | Found Bauty's Antique Weapon Shoppe.
  2431 | D        | Gained mutation: You passively dampen the noise of your
                  | surroundings. [a neqoxec]
  2433 | D        | Gained mutation: You occasionally lose the ability to drink
                  | potions when taking damage. [a neqoxec]
  2444 | D        | Paralysed by an orc sorcerer for 4 turns
  2451 | D        | Reached skill level 25 in Polearms
  2601 | D        | Bought a +2 cloak for 198 gold pieces
  2601 | D        | Bought a +2 pair of boots for 198 gold pieces
  2601 | D        | Bought a potion of degeneration for 12 gold pieces
  2607 | D        | Bought a runed halberd for 126 gold pieces
  2607 | D        | Bought a smoking demon trident for 360 gold pieces
  2607 | D        | Identified the +1 demon trident of Utruuwug {freeze, rElec
                  | Int+3 SInv} (You bought it in a shop in the Dungeon)
  2610 | D        | Bought a pair of runed gloves for 210 gold pieces
  2613 | D        | Bought a scroll of vulnerability for 48 gold pieces
  2613 | D        | Bought a scroll of poison for 48 gold pieces
  2613 | D        | Bought 2 potions of ambrosia for 192 gold pieces
  2896 | D        | Noticed a centaur warrior
  2920 | D        | Killed a centaur warrior
  2934 | D        | Incinerated by a deep elf pyromancer

Illustrated notes

Levels and vault maps discovered:
D:        linesprint [early_d, line_temple, items_1, d_10, items_2, lair_1,
          lair_end, items_3, orc_1, orc_end, items_4, d_15, swamp_1, shoals_1,
          snake_1, spider_1, d_20, vaults_1, items_5, swamp_end, shoals_end,
          snake_end, spider_end, vaults_end, d_27, items_6, zot_1, zot_end,
          crypt_end, forest_end, elf_end, slime_end, tomb_end, abyss_end,
          pan_hell_end]

Skill      XL: |  1  2  3  4  5  6  7  8  9 10 11 12 |
---------------+-------------------------------------+-----
Polearms       | 4 7 8 11 13 16 17 19 21 24 25 | 25.5
Fighting       | 4 5 7 8 10 12 14 16 18 19 | 19.1
Armour         | 4 5 7 8 10 12 14 16 18 19 | 19.1
Shields        | |  3.6

Action                     |  1- 3 |  4- 6 |  7- 9 | 10-12 || total
---------------------------+-------+-------+-------+-------++-------
  Melee: Trident           |    20 |     7 |       |       ||    27
         Headbutt          |     4 |     4 |    19 |    53 ||    80
         Halberd           |       |    12 |    56 |   252 ||   320
         Demon trident     |       |       |       |    23 ||    23
 Invoke: Call Merchant     |       |       |       |     6 ||     6
    Use: Potion            |       |       |     3 |     4 ||     7
         Scroll            |       |       |     1 |       ||     1
   Stab: Distracted        |       |       |       |     5 ||     5
 Armour: Scale mail        |     6 |     4 |       |       ||    10
         Plate armour      |       |    17 |    67 |   162 ||   246
  Dodge: Dodged            |     8 |     4 |    18 |    41 ||    71
  Block: Buckler           |     5 |       |       |       ||     5
         Tower shield      |       |       |       |     8 ||     8
